 Dungeon Crawl Stone Soup version 0.29-a0-270-g1586fc07ea (webtiles) character file.

Game seed: 7183890304800070765

2321 jmlagarto the Firebug (level 9, -1/67 HPs)
             Began as a Hill Orc Fire Elementalist on Mar 7, 2022.
             Slain by Joseph
             ... wielding a +0 quarterstaff
              (10 damage)
             ... on level 7 of the Dungeon.
             The game lasted 00:28:02 (9776 turns).

jmlagarto the Firebug (Hill Orc Fire Elementalist)  Turns: 9776, Time: 00:28:02

Health: -1/67      AC: 16    Str:  9    XL:     9   Next: 41%
Magic:  9/16       EV: 10    Int: 25    God:
Gold:   283        SH:  4    Dex: 13    Spells: 16/17 levels left

rFire   + + .      SeeInvis .   C - +1 dagger (protect)
rCold   + . .      Faith    .   (no shield)
rNeg    . . .      Spirit   .   g - +4 ring mail of Midsummer {rF+ Will+}
rPois   +          Reflect  .   F - +1 helmet
rElec   +          Harm     .   (no cloak)
rCorr   +          Rampage  .   c - +2 pair of gloves
Will    +....                   o - +0 pair of boots
Stlth   +.........              (no amulet)
HPRegen 0.21/turn               w - +6 ring of intelligence
MPRegen 0.15/turn               A - ring of flight

@: resistant, flying
A: large bone plates 1, agile 1, weak 1
a: no special abilities


You were on level 7 of the Dungeon.
You visited 1 branch of the dungeon, and saw 7 of its levels.

You collected 283 gold pieces.

Inventory:

Hand Weapons
 e - a +0 hunting sling
 C - a +1 dagger of protection (weapon)
Missiles
 h - 282 stones (quivered)
 E - a throwing net
Armour
 a - a +0 robe
 c - a +2 pair of gloves (worn)
 f - a +0 robe
 g - the +4 ring mail of Midsummer (worn) {rF+ Will+}
   (You found it on level 2 of the Dungeon)

   rF:        It protects you from fire.
   Will:      It increases your willpower.
 o - a +0 pair of boots (worn)
 F - a +1 helmet (worn)
Jewellery
 b - a +6 ring of strength
 p - a ring of resist corrosion
 w - a +6 ring of intelligence (left hand)
 A - a ring of flight (right hand)
 G - a +4 ring of evasion
Wands
 B - a wand of polymorph (11)
Scrolls
 d - 2 scrolls of magic mapping
 k - 3 scrolls of identify
 l - 2 scrolls of blinking {unknown}
 t - a scroll of fog
 u - a scroll of noise {unknown}
 y - a scroll of amnesia
 D - a scroll of torment {unknown}
Potions
 i - a potion of mutation
 j - 2 potions of cancellation
 m - a potion of resistance
 n - a potion of invisibility {unknown}
 q - 2 potions of attraction {unknown}
 r - a potion of flight {unknown}
 s - 2 potions of might
 v - a potion of lignification {unknown}
 x - 2 potions of heal wounds {unknown}
 z - a potion of curing


   Skills:
 + Level 2.2 Fighting
 + Level 1.9 Short Blades
 - Level 2.6 Slings
 - Level 0.2(1.6) Throwing
 + Level 5.2 Armour
 + Level 2.7 Dodging
 - Level 1.7 Stealth
 - Level 0.1 Shields
 + Level 4.8 Spellcasting
 + Level 5.3 Conjurations
 + Level 7.0 Fire Magic


You had 16 spell levels left.
You knew the following spells:

 Your Spells              Type           Power      Damage    Failure   Level
a - Foxfire               Conj/Fire      100%       2x1d9     1%          1

Your spell library contained the following spells:

 Spells                   Type           Power      Damage    Failure   Level
 Scorch                   Fire           82%        2d9       1%          2
 Magic Dart               Conj           100%       1d8       2%          1
 Searing Ray              Conj           64%        2d6       3%          2
 Conjure Flame            Conj/Fire      36%        6-21      4%          3
 Inner Flame              Hex/Fire       23%        N/A       16%         3
 Flame Wave               Conj/Fire      36%        2d9       17%         4
 Animate Skeleton         Necr           12%        N/A       22%         1
 Pain                     Necr           24%        1d5       22%         1
 Dazzling Flash           Conj/Hex       38%        N/A       22%         3
 Ozocubu's Armour         Ice            6%         N/A       54%         3
 Vampiric Draining        Necr           6%         2d6       54%         3
 Iskenderun's Battlesphe  Conj           32%        2d8       54%         5
 Fulminant Prism          Conj/Hex       9%         3d7       56%         4
 Agony                    Necr           6%         N/A       99%         5
 Metabolic Englaciation   Hex/Ice        3%         N/A       99%         5
 Silence                  Hex/Air        3%         N/A       99%         5
 Iron Shot                Conj/Erth      9%         9d3       100%        6
 Simulacrum               Ice/Necr       3%         N/A       100%        6
 Spellforged Servitor     Conj/Summ      9%         N/A       100%        7


Dungeon Overview and Level Annotations

Branches:
Dungeon (7/15)             Temple (0/1) D:6

Altars:
Cheibriados
Hepliaklqana
Nemelex Xobeh
Okawaru
Sif Muna

Shops:
D:4 (   D:5 [

Annotations:
D:7 Joseph


Innate Abilities, Weirdness & Mutations

You are partially covered in large bone plates. (SH +4)
You are agile. (Dex +2)
You are weak. (Str -2)


Message History

The scroll dissolves into smoke.
It was a potion of cancellation.
You feel magically purged.
You feel protected.
Casting: Foxfire (safe; 1% risk of failure)
Confirm with . or Enter, or press ? or * to list all spells.
You conjure some foxfire!
The foxfire hits Joseph.
Joseph is moderately wounded.
Casting: Foxfire (safe; 1% risk of failure)
Confirm with . or Enter, or press ? or * to list all spells.
You conjure some foxfire!
Joseph no longer looks unusually strong.
The foxfire hits Joseph!
Joseph is heavily wounded.
Casting: Foxfire (safe; 1% risk of failure)
Confirm with . or Enter, or press ? or * to list all spells.
You conjure some foxfire!
The foxfire hits Joseph.
Joseph is heavily wounded.
Joseph unwields a +0 hunting sling.
Joseph wields a +0 quarterstaff.
Joseph hits you with a +0 quarterstaff.
* * * LOW HITPOINT WARNING * * *
Casting: Foxfire (safe; 1% risk of failure)
Confirm with . or Enter, or press ? or * to list all spells.
You conjure some foxfire!
The foxfire hits Joseph.
Joseph is heavily wounded.
The foxfire hits Joseph but does no damage.
Joseph is heavily wounded.
Joseph says, "I've waited for this moment for such a long time."
Joseph hits you but does no damage.
The foxfire hits Joseph.
Joseph is heavily wounded.
Casting: Foxfire (safe; 1% risk of failure)
Confirm with . or Enter, or press ? or * to list all spells.
You conjure some foxfire!
The foxfire hits Joseph!
Joseph is severely wounded.
Joseph hits you but does no damage.
Casting: Foxfire (safe; 1% risk of failure)
Confirm with . or Enter, or press ? or * to list all spells.
You conjure some foxfire!
The foxfire hits Joseph.
Joseph is severely wounded.
Joseph hits you with a +0 quarterstaff!
You die...

#.# #.###.#.## #.≈ #.# #@#
##§## #.≈ #.# #.#
#.########.. #.# #.#
#.........§.
#.####.####.####.#....
#######......§....# #...≈≈≈
#..........##§#########..≈§.
#.##########@§.## #.....§.≈
#.# ##@v§..## #.##..≈§≈
##.########vv§.§..###.##..≈.≈
#.......#..§§.§§..........≈.≈
#..####...#...§...##.####.≈.≈
#..####.####.§...###.# ##.≈..
#....##.# ##...####.# #..≈≈≈
#.##.##[# ##§###...###.....
#.##.##.# #.###...........
#.......# #.#.........####.#


You could see Joseph (ally target).

Vanquished Creatures
  A deep elf pyromancer (D:6)
  Maggie (D:7)
  A hornet (D:7)
  A sky beast (D:5)
  A black bear (D:7)
  An ice beast (D:7)
  An ogre (D:7)
  A kobold brigand (D:7)
  2 gnoll sergeants (D:6)
  A bullfrog (D:7)
  2 necrophages
  3 hounds
  2 jellies
  4 orc priests
  An orc wizard (D:6)
  2 iguanas
  13 gnolls (D:6)
  5 adders
  4 white imps
  3 ufetubi
  A worm (D:2)
  3 dart slugs
  19 orcs
  3 bats
  6 endoplasms
  4 giant cockroaches
  4 goblins
  4 hobgoblins
  3 quokkas
  7 ball pythons
  4 frilled lizards
  11 kobolds
  7 rats
126 creatures vanquished.

Vanquished Creatures (others)
  643 foxfires
643 creatures vanquished.

Grand Total: 769 creatures vanquished

Notes
Turn   | Place    | Note
-------+----------+-------------------------------------------
     0 | D:1      | jmlagarto the Hill Orc Fire Elementalist began the quest
                  | for the Orb.
     0 | D:1      | Reached XP level 1. HP: 14/14 MP: 3/3
   542 | D:1      | Reached XP level 2. HP: 20/20 MP: 2/4
  1415 | D:2      | Reached XP level 3. HP: 26/26 MP: 2/6
  1467 | D:2      | Identified the +4 ring mail of Midsummer {rF+ Will+}
  2135 | D:2      | Found a faded altar of an unknown god.
  2178 | D:2      | Reached skill level 1 in Slings
  2252 | D:2      | Reached XP level 4. HP: 34/34 MP: 2/7
  2578 | D:3      | Reached skill level 4 in Fire Magic
  3870 | D:3      | Reached XP level 5. HP: 38/39 MP: 4/8
  3942 | D:4      | Reached skill level 1 in Fighting
  4248 | D:4      | Found Viamn's Antique Weapon Shoppe.
  5048 | D:5      | Entered Level 5 of the Dungeon
  5107 | D:5      | Found Gum Hucs's Armour Boutique.
  5395 | D:4      | Reached XP level 6. HP: 47/47 MP: 4/9
  5578 | D:5      | Reached skill level 1 in Armour
  6280 | D:5      | Noticed a sky beast
  6290 | D:5      | Killed a sky beast
  6291 | D:5      | Reached XP level 7. HP: 52/52 MP: 2/11
  6558 | D:6      | Found a staircase to the Ecumenical Temple.
  6581 | D:6      | Gained mutation: You are weak. (Str -2) [potion of
                  | mutation]
  6581 | D:6      | Gained mutation: You are agile. (Dex +2) [potion of
                  | mutation]
  6581 | D:6      | Gained mutation: You are partially covered in large bone
                  | plates. (SH +4) [potion of mutation]
  6950 | D:6      | Reached skill level 5 in Fire Magic
  7464 | D:6      | Found a faded altar of an unknown god.
  7464 | D:6      | Found an iron altar of Okawaru.
  7472 | D:6      | Found a faded altar of an unknown god.
  7474 | D:6      | Found a shimmering blue altar of Sif Muna.
  7476 | D:6      | Found a sparkling altar of Nemelex Xobeh.
  7654 | D:6      | Reached XP level 8. HP: 36/59 MP: 1/13
  7672 | D:6      | Reached skill level 1 in Short Blades
  8181 | D:6      | Noticed a deep elf pyromancer
  8542 | D:6      | Killed a deep elf pyromancer
  8684 | D:7      | Noticed Maggie
  8701 | D:7      | Killed Maggie
  8702 | D:7      | Reached skill level 6 in Fire Magic
  8702 | D:7      | Reached XP level 9. HP: 51/67 MP: 2/15
  9027 | D:7      | Found a hazy altar of Hepliaklqana.
  9045 | D:7      | Reached skill level 5 in Armour
  9176 | D:7      | Reached skill level 5 in Conjurations
  9195 | D:7      | Found a snail-covered altar of Cheibriados.
  9320 | D:7      | Noticed a hornet
  9332 | D:7      | Killed a hornet
  9626 | D:7      | Reached skill level 7 in Fire Magic
  9740 | D:7      | Noticed Joseph
  9776 | D:7      | Slain by Joseph

Illustrated notes

Levels and vault maps discovered:
D:1:      minmay_arrival_wavy_path, layout_basic, st_stairs_9,
          patterned_corridor
D:2:      layout_basic, basic_ecumenical_altar
D:3:      layout_rooms
D:4:      layout_basic, serial_shops, shop_fountains
D:5:      layout_gridville, serial_shops, nicolae_shop_hallway_stairs,
          abandoned_shop, chequers_serial_rivers_large_b
D:6:      layout_loops_cross, chequers_temple_overflow_minitemple,
          minmay_temple_entry_water_ring, guppyfry_early_elven_hall
D:7:      layout_loops_ring, mainiacjoe_overflow_concentric_impassable,
          kennysheep_mini_moat, lemuel_round_altar, minivault_1, uniq_joseph,
          uniq_maggie

Skill      XL: |  1  2  3  4  5  6  7  8  9 |
---------------+----------------------------+-----
Spellcasting   | 2 3 4 |  4.8
Slings         | 1 2 |  2.6
Fire Magic     | 4 5 6 7 |  7.0
Dodging        | 2 |  2.7
Fighting       | 1 2 |  2.2
Conjurations   | 2 3 4 5 |  5.3
Armour         | 2 3 4 5 |  5.2
Short Blades   | 1 |  1.9
Throwing       | |  0.2
Stealth        | |  1.7
Shields        | |  0.1

Action                   |  1- 3 |  4- 6 |  7- 9 || total
-------------------------+-------+-------+-------++-------
Melee: Unarmed           |     6 |       |       ||     6
       Dagger            |       |       |   100 ||   100
       Punch             |       |       |     6 ||     6
 Fire: Hunting sling     |    38 |    42 |     3 ||    83
Throw: Stone             |       |     4 |    12 ||    16
 Cast: Foxfire           |    64 |   157 |   190 ||   411
  Use: Scroll            |     6 |       |     3 ||     9
       Potion            |     1 |     1 |     3 ||     5
 Stab: Sleeping          |     1 |       |       ||     1
Armor: Robe              |    16 |     5 |       ||    21
       Ring mail         |       |    65 |   129 ||   194
Dodge: Dodged            |    64 |    57 |    87 ||   208
Block: Other             |       |       |    30 ||    30

Table legend: (Time is in decaauts)
 A = Elapsed time spent in this place.
 B = Non-inter-level travel time spent in this place.
 C = Inter-level travel time spent in this place.
 D = Time resting spent in this place.
 E = Time spent auto-exploring this place.
 F = Levels seen in this place.
 G = Mean time per level.
                   A        B        C        D        E       F      G
               +--------+--------+--------+--------+--------+-----+--------+
         Total |   9846 |   9506 |    340 |      0 |   7927 |   7 | 1406.6 |
       Dungeon |   9846 |   9506 |    340 |      0 |   7927 |   7 | 1406.6 |
               +--------+--------+--------+--------+--------+-----+--------+

Top non-repeatable levels by time:
     D:5: 1758 daAuts
     D:6: 1605 daAuts
     D:4: 1506 daAuts
     D:1: 1341 daAuts
     D:3: 1272 daAuts
     D:2: 1244 daAuts
     D:7: 1116 daAuts
